 Dungeon Crawl Stone Soup version 0.28.0 (webtiles) character file.

Game seed: 9157724043529330886

307 bande the Covered (level 6, -1/38 HPs)
             Began as a Gargoyle Fighter on Feb 19, 2022.
             Was an Initiate of Okawaru.
             Killed by divine providence
             ... invoked by an orc priest
              (13 damage)
             ... on level 3 of the Dungeon.
             The game lasted 00:06:12 (3462 turns).

bande the Covered (Gargoyle Fighter)                Turns: 3462, Time: 00:06:12

Health: -1/38      AC: 12    Str: 19    XL:     6   Next: 40%
Magic:  6/6        EV:  9    Int:  9    God:    Okawaru [......]
Gold:   138        SH:  5    Dex: 17    Spells: 5/5 levels left

rFire   . . .      SeeInvis .   a - +1 war axe
rCold   . . .      Faith    .   c - +0 buckler
rNeg    + . .      Spirit   .   b - +0 scale mail
rPois   ∞          Reflect  .   (no helmet)
rElec   +          Harm     .   (no cloak)
rCorr   .          Rampage  .   (no gloves)
Will    .....                   k - +0 pair of boots
Stlth   ..........              (no amulet)
HPRegen 0.12/turn               i - +6 ring of dexterity
MPRegen 0.10/turn               (no ring)

@: no status effects
A: sickness immunity, AC +4, negative energy resistance 1, electricity
resistance, torment resistance 1, petrification resistance
a: Renounce Religion


You were on level 3 of the Dungeon.
You worshipped Okawaru.
Okawaru was noncommittal.
You visited 1 branch of the dungeon, and saw 3 of its levels.

You collected 138 gold pieces.

Inventory:

Hand Weapons
 a - a +1 war axe (weapon)
 g - a +1 mace of protection
Armour
 b - a +0 scale mail (worn)
 c - a +0 buckler (worn)
 k - a +0 pair of boots (worn)
Jewellery
 i - a +6 ring of dexterity (left hand)
Scrolls
 h - a scroll of vulnerability {unknown}
 j - 5 scrolls of identify
Potions
 d - 2 potions of might
 e - a potion of cancellation
 f - a potion of magic
 l - a potion of mutation {unknown}


   Skills:
 + Level 4.0 Fighting
 + Level 4.2 Axes
 + Level 4.6 Armour
 + Level 4.0 Shields
 * Level 1.3 Invocations


You had 5 spell levels left.
You didn't know any spells.
Your spell library contained the following spells:

 Spells                   Type           Power      Damage    Failure   Level
 Corpse Rot               Necr/Air       0%         N/A       92%         2
 Inner Flame              Hex/Fire       0%         N/A       99%         3
 Cause Fear               Hex            0%         N/A       100%        4
 Dispel Undead            Necr           0%         3d6       100%        4
 Discord                  Hex            0%         N/A       100%        8
 Summon Small Mammal      Summ           Unusable   N/A       N/A         1
 Call Canine Familiar     Summ           Unusable   N/A       N/A         3
 Summon Guardian Golem    Hex/Summ       Unusable   N/A       N/A         3
 Death Channel            Necr           Unusable   N/A       N/A         6

Dungeon Overview and Level Annotations

Branches:
Dungeon (3/15)

Altars:
Okawaru
Qazlal


Innate Abilities, Weirdness & Mutations

You are immune to sickness and miasma.
Your stone body is resilient. (AC +4)
You are immune to poison.
You resist negative energy. (rN+)
You are resistant to electric shocks. (rElec)
You are resistant to unholy torment.
You are immune to petrification.


Message History

Okawaru accepts your kill.
You closely miss the orc. You barely miss the orc priest.
The orc hits you but does no damage.
The orc priest hits you but does no damage.
The orc hits you with a +0 mace of protection.
The orc priest invokes the aid of Beogh against you.
Beogh smites you!
Things that are here:
a +0 club; an orc corpse Unknown command.
The orc priest hits you but does no damage.
You closely miss the orc.
The orc is severely wounded.
You closely miss the orc priest. You block the orc priest's attack.
The orc hits you with a +0 mace of protection.
You hit the orc.
You kill the orc!
Okawaru accepts your kill.
You hit the orc priest but do no damage.
The orc priest hits you but does no damage.
The orc priest hits you with a +0 club.
Items here: )) [ ††.
The orc priest hits you but does no damage.
There is an open door here.
The orc priest hits you but does no damage.
Items here: )) [ ††.
You hit the orc priest.
The orc priest is lightly wounded.
The orc priest hits you but does no damage. x2
You closely miss the orc priest.
The orc priest is lightly wounded.
The orc priest hits you but does no damage.
You barely miss the orc priest.
The orc priest is lightly wounded.
The orc priest hits you with a +0 club.
You slash the orc priest!
The orc priest is severely wounded.
The orc priest mumbles some strange prayers to Beogh against you.
Beogh smites you!
You die...

#.#.#.#.#........##.#.#.#.#.#
.#..+#.#.#..>....##.........#
#.#.....#+..........#.#.#.#.#
.#+.#.#. #..................##
........#........##.#.#.#.#..#
....#.#.##.......##..........#
........ #####+####...####...#
.....### #......o###.### ##.##
....## #......@'.....# #..#
....# #.......#)#.#.###.##
....# #.......#.....##..#
....# #.......#.#.#....##
##### #..............###
#..............#
#.......######## #.......#


You could see an orc priest.

Vanquished Creatures
  A hound (D:2)
  An orc priest (D:3)
  Terence (D:3)
  Natasha (thrice) (D:3)
  3 adders (D:2)
  3 gnolls (D:3)
  A white imp (D:3)
  A worm (D:3)
  A dart slug (D:1)
  7 orcs (D:3)
  8 bats
  2 giant cockroaches (D:1)
  10 goblins
  3 hobgoblins (D:1)
  8 kobolds
  7 quokkas
  7 ball pythons
  3 frilled lizards
  9 rats
79 creatures vanquished.

Notes
Turn   | Place    | Note
-------+----------+-------------------------------------------
     0 | D:1      | bande the Gargoyle Fighter began the quest for the Orb.
     0 | D:1      | Reached XP level 1. HP: 14/14 MP: 1/1
   122 | D:1      | Reached XP level 2. HP: 19/19 MP: 2/2
   842 | D:1      | Reached XP level 3. HP: 23/23 MP: 3/3
   891 | D:1      | Found a faded altar of an unknown god.
  1338 | D:2      | Found a stormy altar of Qazlal.
  1644 | D:2      | Reached XP level 4. HP: 25/29 MP: 4/4
  2203 | D:3      | Noticed Natasha
  2211 | D:3      | Killed Natasha
  2212 | D:3      | Reached XP level 5. HP: 18/33 MP: 5/5
  2394 | D:3      | Found a stormy altar of Qazlal.
  2582 | D:3      | Found an iron altar of Okawaru.
  2609 | D:3      | Became a worshipper of Warmaster Okawaru
  2703 | D:3      | Noticed Natasha
  2708 | D:3      | Killed Natasha
  2716 | D:3      | Noticed Natasha
  2723 | D:3      | Killed Natasha
  2909 | D:3      | Reached XP level 6. HP: 24/38 MP: 6/6
  2912 | D:3      | Reached skill level 1 in Invocations
  3172 | D:3      | Noticed Terence
  3187 | D:3      | Killed Terence
  3462 | D:3      | Killed from afar by an orc priest

Illustrated notes

Levels and vault maps discovered:
D:1:      lightli_arrival_noodles, layout_loops_ring, basic_ecumenical_altar,
          chequers_serial_rivers_room_b
D:2:      layout_basic, basic_altar, minmay_divided_ellipse
D:3:      layout_basic, nicolae_qazlal_scattered_showers,
          okawaru_altar_gauntlet_db, serial_glass, glass_columns_a,
          glass_columns_a, glass_columns_c, glass_columns_b,
          due_unseen_surprise, item_on_display_a, chequers_garden,
          kennysheep_generic_room_7, uniq_natasha, uniq_terence

Skill      XL: |  1  2  3  4  5  6 |
---------------+-------------------+-----
Axes           | 2 3 4 |  4.2
Armour         | 4 |  4.6
Fighting       | 4 |  4.0
Invocations    | 1 |  1.3
Shields        | 4 |  4.0

Action                   |  1- 3 |  4- 6 || total
-------------------------+-------+-------++-------
Melee: War axe           |   113 |   116 ||   229
  Use: Scroll            |     3 |     3 ||     6
Armor: Scale mail        |    73 |    93 ||   166
Dodge: Dodged            |    46 |    56 ||   102
Block: Buckler           |    30 |    35 ||    65
